 Dungeon Crawl Stone Soup version 0.27.1-1-g398f81649c (webtiles) character file.

Game seed: 11321208940035825318

10 nxtlvl the Ruffian (level 2, 0/23 HPs)
             Began as a Minotaur Transmuter on Sept 19, 2021.
             Slain by Terence (5 damage)
             ... on level 2 of the Dungeon.
             The game lasted 00:02:03 (339 turns).

nxtlvl the Ruffian (Minotaur Transmuter)             Turns: 339, Time: 00:02:03

Health: 0/23       AC:  3    Str: 14    XL:     2   Next: 10%
Magic:  3/3        EV: 12    Int: 10    God:
Gold:   35         SH:  0    Dex: 10    Spells: 2/3 levels left

rFire    . . .     SeeInvis .     - Unarmed
rCold    . . .     Faith    .   (no shield)
rNeg     . . .     Spirit   .   a - +0 robe
rPois    .         Reflect  .   (helmet restricted)
rElec    .         Harm     .   (no cloak)
rCorr    .         Rampage  .   (no gloves)
Will     .....                  f - +0 pair of boots
Stlth    +.........             (no amulet)
HPRegen  0.07/turn              (no ring)
MPRegen  0.08/turn              (no ring)

@: no status effects
A: horns 2, retaliatory headbutt
a: no special abilities


You were on level 2 of the Dungeon.
You visited 1 branch of the dungeon, and saw 2 of its levels.

You collected 35 gold pieces.

Inventory:

Missiles
 b - 2 javelins
Armour
 a - a +0 robe (worn)
 f - a +0 pair of boots (worn)
Scrolls
 c - a scroll of enchant weapon {unknown}
 d - a scroll of identify {unknown}
Potions
 e - 2 potions of berserk rage {unknown}


   Skills:
 - Level 1.2 Fighting
 - Level 2.1 Dodging
 * Level 4.0 Unarmed Combat
 - Level 1.3 Spellcasting
 - Level 1.5 Transmutations


You had 2 spell levels left.
You knew the following spells:

 Your Spells              Type           Power      Damage    Failure   Level
a - Beastly Appendage     Tmut           6%         N/A       19%         1

Your spell library contained the following spells:

 Spells                   Type           Power      Damage    Failure   Level
 Wereblood                Tmut           3%         N/A       26%         2
 Corpse Rot               Necr/Air       N/A        N/A       45%         2
 Spider Form              Tmut/Pois      1%         N/A       58%         3
 Ice Form                 Ice/Tmut       2%         N/A       94%         4
 Dispel Undead            Necr           0%         3d6       97%         4
 Death Channel            Necr           0%         N/A       100%        6


Dungeon Overview and Level Annotations

Branches:
Dungeon (2/15)

Altars:

Annotations:
D:2 Terence


Innate Abilities, Weirdness & Mutations

You have a pair of horns on your head.
You reflexively headbutt those who attack you in melee.


Message History

A worm comes into view.
The rat bites you. The jackal bites you. Terence shouts, "Now you die!"
A ball python comes into view.
The ball python hisses angrily.
The jackal closely misses you.
You hit the jackal. Your kick misses the jackal.
The jackal is lightly wounded.
The jackal bites you. x2
You closely miss the jackal. You headbutt the jackal.
You kill the jackal!
You barely miss Terence. You claw Terence.
Terence is lightly wounded.
Terence hits you with a +0 short sword.
You hit Terence but do no damage. You claw Terence, but do no damage.
You headbutt Terence, but do no damage.
Terence is lightly wounded.
Your talons disappear.
Your +0 pair of boots unmelds from your body.
Terence hits you with a +0 short sword.
You barely miss Terence. Your punch misses Terence.
Terence is lightly wounded.
You hit Terence. You headbutt Terence.
Terence is moderately wounded.
Terence hits you with a +0 short sword.
You hit Terence but do no damage. You headbutt Terence.
Terence is heavily wounded.
Terence closely misses you.
You hit Terence but do no damage.
Terence is heavily wounded.
Terence barely misses you.
You barely miss Terence.
Terence is heavily wounded.
Terence hits you with a +0 short sword!
* * * LOW HITPOINT WARNING * * *
You closely miss Terence.
Terence is heavily wounded.
Terence hits you with a +0 short sword.
You die...

##..... ....S...#
........# ....S...#
..........# ..........#
........w##########
.......Sh@@....... ..
###......###....... #.
..#..........#.........
.
......(......h........#
..
#..........#........#...
##.##.#.##########<...#
# #.#.#########.....#
#@................#
##.......<#########


You could see Terence, a worm, a jackal and a ball python.

Vanquished Creatures
  2 ball pythons
  A hobgoblin (D:1)
  4 jackals
  A frilled lizard (D:1)
  A rat (D:1)
9 creatures vanquished.

Notes
Turn   | Place    | Note
-------+----------+-------------------------------------------
     0 | D:1      | nxtlvl the Minotaur Transmuter began the quest for the Orb.
     0 | D:1      | Reached XP level 1. HP: 16/16 MP: 1/1
   266 | D:1      | Reached XP level 2. HP: 22/23 MP: 3/3
   304 | D:2      | Reached skill level 4 in Unarmed Combat
   311 | D:2      | Noticed Terence
   339 | D:2      | Slain by Terence

Illustrated notes

Levels and vault maps discovered:
D:1:      psy_arrival_conway, layout_loops_corners,
          shapermc_ecumenical_altar_totnotflames, serial_bayou,
          serial_bayou_pond_e, serial_bayou_shore_b, serial_bayou_lagoon_a,
          serial_bayou_shore_a, skrybe_limestone_x
D:2:      layout_rooms, basic_altar, serial_shops, nicolae_shop_statue_plus,
          shop_scrolls, minmay_pentomino_p4, uniq_terence

Skill      XL: |  1  2 |
---------------+-------+-----
Unarmed Combat | 4 |  4.0
Fighting       | |  1.2
Dodging        | |  2.1
Spellcasting   | |  1.3
Transmutations | |  1.5

Action                   || total
-------------------------++-------
Melee: Unarmed           ||    21
       Headbutt          ||     8
       Kick              ||     2
 Cast: Beastly Appendage ||     2
Armor: Robe              ||     1
Dodge: Dodged            ||    10
